 Dungeon Crawl Stone Soup version 0.21.1-1-g345015f (console) character file.

2262 fly the Geomancer (level 9, -3/67 (68) HPs)
             Began as a Deep Dwarf Necromancer on May 17, 2018.
             Was a Follower of Makhleb.
             Killed by divine providence
             ... invoked by an orc priest
              (7 damage)
             ... on level 6 of the Dungeon.
             The game lasted 00:12:06 (7113 turns).

fly the Geomancer (Deep Dwarf Necromancer)          Turns: 7113, Time: 00:12:07

HP:   -3/67 (68)    AC:  6    Str: 16    XL:     9   Next: 15%
MP:   0/13          EV: 15    Int: 19    God:    Makhleb [*.....]
Gold: 352           SH:  0    Dex: 16    Spells: 5/14 levels left

rFire    . . .     SeeInvis .   a - +3 quarterstaff (chaos)
rCold    . . .     Gourm    .   (shield currently unavailable)
rNeg     . . .     Faith    .   y - +1 leather armour "Reryfas" {Str+4 Slay+3} (curse)
rPois    .         Spirit   .   e - +0 helmet
rElec    .         Reflect  .   q - +0 cloak
rCorr    .         Harm     .   (no gloves)
MR       +....                  (no boots)
Stlth    ++........             (no amulet)
HPRegen  0.00/turn              t - +3 ring of dexterity
MPRegen  0.13/turn              (no ring)

@: non-regenerating
A: damage resistance, heal wounds, sense surroundings 2, no regeneration
a: Heal Wounds, Renounce Religion


You were on level 6 of the Dungeon.
You worshipped Makhleb.
Makhleb was aware of your devotion.
You were near starving.

You visited 2 branches of the dungeon, and saw 7 of its levels.

You collected 352 gold pieces.

Inventory:

Hand Weapons
 a - a +3 quarterstaff of chaos (weapon)
 c - a +0 war axe
Armour
 e - a +0 helmet (worn)
 q - a +0 cloak (worn)
 y - the cursed +1 leather armour "Reryfas" (worn) {Str+4 Slay+3}
   (You found it on level 5 of the Dungeon)

   It affects your strength (+4).
   It affects your accuracy and damage with ranged weapons and melee attacks
   (+3).
   It has a curse placed upon it.
 I - the +8 scale mail of Fosotzomay {rPois Regen+, unknown}
   (You found it on level 6 of the Dungeon)

   It protects you from poison.
   It increases your rate of regeneration.
Magical Staves
 b - an uncursed staff of earth
Jewellery
 t - a +3 ring of dexterity (left hand)
Wands
 s - a wand of acid (7)
Scrolls
 h - 2 scrolls of fog {unknown}
 j - a scroll of noise {unknown}
 k - 5 scrolls of identify {unknown}
 n - 6 scrolls of remove curse {unknown}
 o - 2 scrolls of immolation {unknown}
 v - 2 scrolls of magic mapping {unknown}
 w - 2 scrolls of enchant weapon {unknown}
 A - a scroll of amnesia {unknown}
 D - a scroll of teleportation {unknown}
 G - a scroll of enchant armour {unknown}
 J - a scroll of blinking {unknown}
Potions
 d - 2 potions of ambrosia {unknown}
 f - 3 potions of invisibility {unknown}
 g - 3 potions of agility {unknown}
 i - 5 potions of heal wounds {unknown}
 l - 3 potions of mutation {unknown}
 m - a potion of brilliance {unknown}
 p - 3 potions of cancellation {unknown}
 r - 2 potions of berserk rage {unknown}
 u - a potion of lignification {unknown}
 x - a potion of haste {unknown}
 z - a potion of might {unknown}
 C - a potion of magic {unknown}
 E - a potion of resistance {unknown}
 H - a potion of degeneration {unknown}
Books
 B - a book of Necromancy

   Spells                             Type                      Level
   a - Pain                           Necromancy                   1
   b - Animate Skeleton               Necromancy                   1
   c - Vampiric Draining              Necromancy                   3
   d - Regeneration                   Charms/Necromancy            3
   e - Animate Dead                   Necromancy                   4
   f - Borgnjor's Vile Clutch         Necromancy/Earth             5
Comestibles
 F - 11 rations


   Skills:
 - Level 6.0 Dodging
 - Level 2.4 Stealth
 - Level 3.0 Spellcasting
 - Level 6.0 Necromancy
 - Level 10.0 Earth Magic
 + Level 5.6 Invocations
 + Level 5.5 Evocations


You had 5 spell levels left.
You knew the following spells:

 Your Spells              Type           Power        Failure   Level  Hunger
c - Borgnjor's Vile Clut  Necr/Erth      ####......   19%         5    ######.
v - Vampiric Draining     Necr           ####......   4%          3    ###....
z - Pain                  Necr           ####         1%          1    None


Dungeon Overview and Level Annotations

Branches:
Dungeon (6/15)             Temple (1/1) D:5

Altars:
Ashenzari
Cheibriados
Dithmenos
Elyvilon
Fedhas
Gozag
Hepliaklqana
Kikubaaqudgha
Makhleb
Nemelex Xobeh
Okawaru
Qazlal
Ru
Sif Muna
Trog
Uskayaw
Vehumet
Wu Jian
Xom
Yredelemnul
Zin
The Shining One

Shops:
D:5 %


Innate Abilities, Weirdness & Mutations

You are resistant to damage.
You can heal yourself by infusing magical energy.
You passively map the area around you.
You do not regenerate.


Message History

You thump the orc!
You kill the orc!
Makhleb accepts your kill.
Casting: Pain
Confirm with . or Enter, or press ? or * to list all spells.
Aiming: Pain
Press: ? - help, Shift-Dir - straight line, f - orc priest
Aim: an orc priest, wielding a mace and wearing a leather armour (chance to defeat MR: 84%)
The orc priest writhes in agony!
The orc priest hits you with a mace.
* * * LOW HITPOINT WARNING * * *
You hit the orc priest.
The orc priest is moderately wounded.
The orc priest calls down the wrath of Beogh upon you.
Pain shoots through your body!
* * * LOW HITPOINT WARNING * * *
You sock the orc priest! You burn the orc priest.
The orc priest is almost dead.
The orc priest calls down the wrath of Beogh upon you.
Beogh smites you!
You die...

#..........(.#
#[#########
#.#.########.#
#.......... #.#.# ##)##
###########
#.#.#######.#.########
#....##....###........ ,
#..)..#.###.#.########*,
#.......# ##.##### * *
#.....######.#...# * ,#
** * #...............@# *
... *
#............#..o###..o..
*
###############.)))......
, * ######..... ,,, * ..#
* # * ,** , , * * * **


You could see an orc priest.

Vanquished Creatures
  Grinder (D:6)
  Sigmund (D:2)
  The ghost of glosham the Skirmisher, an amateur KoAr (D:4)
  2 orc warriors
  A sky beast (D:5)
  An ice beast (D:6)
  A necrophage (D:6)
  A centaur (D:6)
  An ogre (D:5)
  A bullfrog (D:6)
  A gnoll sergeant (D:6)
  A scorpion (D:6)
  3 killer bees (D:6)
  A hound (D:6)
  Crazy Yiuf (D:3)
  2 orc priests (D:5)
  2 jellies
  Terence (D:3)
  Jessica (D:2)
  4 orc wizards
  2 worker ants (D:6)
  A killer bee zombie (D:5)
  A hound skeleton (D:3)
  A worker ant zombie (D:5)
  5 gnolls
  13 adders
  An adder skeleton (D:5)
  3 worms (D:2)
  A dart slug (D:4)
  A leopard gecko (D:3)
  14 orcs
  4 giant cockroaches
  10 hobgoblins
  4 jackals (D:3)
  7 kobolds
  A quokka (D:4)
  2 ball pythons
  11 bats
  7 frilled lizards
  9 goblins
  2 leopard gecko skeletons (D:4)
  5 rats
133 creatures vanquished.

Vanquished Creatures (others)
  The ghost of Vodalian the Skirmisher, a novice GrBe of Trog (D:5)
1 creature vanquished.

Grand Total: 134 creatures vanquished

Notes
Turn   | Place    | Note
-------+----------+-------------------------------------------
     0 | D:1      | fly the Deep Dwarf Necromancer began the quest for the Orb.
     0 | D:1      | Reached XP level 1. HP: 15/15 MP: 3/3
   229 | D:1      | Reached XP level 2. HP: 22/22 MP: 0/5
   921 | D:1      | Reached XP level 3. HP: 21/28 MP: 3/7
  1186 | D:2      | Noticed Jessica
  1194 | D:2      | Killed Jessica
  1194 | D:2      | Reached skill level 5 in Necromancy
  1194 | D:2      | Reached XP level 4. HP: 21/36 MP: 0/8
  1310 | D:2      | Noticed Sigmund
  1848 | D:2      | Reached XP level 5. HP: 15/42 MP: 5/9
  2102 | D:2      | Learned a level 3 spell: Vampiric Draining
  2108 | D:2      | Learned a level 5 spell: Borgnjor's Vile Clutch
  2289 | D:2      | Killed Sigmund
  2289 | D:2      | Reached skill level 5 in Dodging
  2289 | D:2      | Reached XP level 6. HP: 12/49 MP: 1/10
  2726 | D:3      | Noticed Terence
  2730 | D:3      | Found a shattered altar of Ashenzari.
  2748 | D:3      | Killed Terence
  3241 | D:3      | Found a runed door.
  3308 | D:3      | Noticed Crazy Yiuf
  3311 | D:3      | Killed Crazy Yiuf
  3497 | D:4      | Noticed glosham's ghost (amateur KoAr)
  4047 | D:4      | Killed glosham's ghost
  4047 | D:4      | Reached skill level 3 in Earth Magic
  4047 | D:4      | Reached XP level 7. HP: 38/55 MP: 11/11
  4395 | D:5      | Entered Level 5 of the Dungeon
  4409 | D:5      | Found Fipa's Food Emporium.
  4451 | D:5      | Reached skill level 4 in Earth Magic
  4651 | D:5      | Reached skill level 5 in Earth Magic
  4797 | D:5      | Noticed Vodalian's ghost (novice GrBe)
  4803 | D:5      | Banished Vodalian's ghost
  4803 | D:5      | Reached skill level 6 in Earth Magic
  4810 | D:5      | Reached skill level 7 in Earth Magic
  4989 | D:5      | Found a staircase to the Ecumenical Temple.
  4998 | Temple   | Entered the Ecumenical Temple
  5237 | Temple   | Became a worshipper of Makhleb the Destroyer
  5313 | D:5      | Reached XP level 8. HP: 36/62 MP: 2/12
  5479 | D:5      | Got a heavily runed leather armour
  5491 | D:5      | Identified the cursed +1 leather armour "Reryfas" {Str+4 Slay+3} (You found it on level 5 of the Dungeon)
  5529 | D:5      | Found a deep blue altar of Sif Muna.
  5571 | D:6      | Reached skill level 8 in Earth Magic
  5785 | D:5      | Reached skill level 9 in Earth Magic
  6101 | D:5      | Reached skill level 10 in Earth Magic
  6184 | D:6      | Reached skill level 1 in Invocations
  6184 | D:6      | Reached skill level 1 in Evocations
  6223 | D:6      | Noticed Grinder
  6611 | D:6      | Killed Grinder
  6702 | D:6      | Gained mutation: You passively map the area around you. [Deep Dwarf growth]
  6702 | D:6      | Reached XP level 9. HP: 39/67 MP: 13/13
  6817 | D:6      | Reached skill level 5 in Invocations
  6817 | D:6      | Reached skill level 5 in Evocations
  6820 | D:6      | Reached * piety under Makhleb
  6965 | D:6      | Got a faintly humming scale mail
  7113 | D:6      | Killed from afar by an orc priest

Skill      XL: |  1  2  3  4  5  6  7  8  9 |
---------------+----------------------------+-----
Spellcasting   | 2 3 |  3.0
Necromancy     | 5 6 |  6.0
Dodging        | 5 6 |  6.0
Earth Magic    | 3 7 10 | 10.0
Invocations    | 4 5 |  5.6
Evocations     | 4 5 |  5.5
Stealth        | |  2.4

Action                   |  1- 3 |  4- 6 |  7- 9 || total
-------------------------+-------+-------+-------++-------
Melee: Unarmed           |    12 |    32 |       ||    44
       Quarterstaff      |       |    18 |    73 ||    91
       Staff             |       |     9 |     1 ||    10
 Cast: Pain              |    52 |    80 |    11 ||   143
       Vampiric Draining |       |    21 |    50 ||    71
       Borgnjor's Vile C |       |       |     5 ||     5
 Stab: Sleeping          |       |     4 |     3 ||     7
  Eat: Chunk             |     1 |    10 |    16 ||    27
Armor: Robe              |     9 |    14 |     6 ||    29
       Leather armour    |       |       |    12 ||    12
Dodge: Dodged            |    21 |    61 |   107 ||   189
